Map: Eternal Empire LE

Players

Reynor - Winner!

  • Race: Zerg Zerg
  • Spawn Location: 7:00

maru

  • Race: Terran Terran
  • Spawn Location: 1:00

Event: DreamHack SC2 Masters 2020 Summer Season Finals

VOD

Have the link to the VOD?

Description

Time

  • Played on: July 17, 2020, 11:27 a.m.
  • Length: 11:51

All games in this series

Show
View Real Time Build Order
Export as new Build Order

Reynor Zerg - Winner!

Build Orders: Hatch First, Muta Ling Bane 

Get SALT Encoding   

  12  0:00  Drone  
  13  0:12  Overlord  
  13  0:17  Drone  
  14  0:30  Drone x2  
  16  0:49  Hatchery  
  15  0:52  Drone  
  15  0:56  Drone  
  17  1:00  Drone  
  18  1:12  Extractor  
  18  1:18  Spawning Pool  
  16  1:21  Drone  
  16  1:24  Drone  
  18  1:28  Drone  
  19  1:39  Drone  
  20  1:49  Overlord  
  20  2:04  Queen x2  
  20  2:05  Zergling x4  
  26  2:13  Drone x2  
  28  2:16  Metabolic Boost  
  28  2:22  Drone  
  29  2:24  Drone  
  30  2:35  Drone x2  
  32  2:40  Queen  
  34  2:45  Queen  
  34  2:50  Overlord  
  36  2:55  Overlord  
  36  3:08  Drone  
  36  3:09  Drone x3  
  40  3:13  Drone x2  
  40  3:14  Drone x2  
  40  3:17  Drone x2  
  46  3:25  Lair  
  46  3:27  Drone  
  47  3:36  Extractor  
  47  3:39  Hatchery  
  45  3:42  Drone  
  45  3:43  Drone  
  45  3:47  Drone x2  
  49  3:49  Drone x2  
  51  3:55  Drone  
  51  3:57  Baneling Nest  
  51  3:58  Overlord  
  51  4:00  Drone  
  52  4:03  Extractor x2  
  52  4:04  Drone  
  52  4:05  Drone  
  52  4:14  Overlord  
  52  4:16  Drone  
  52  4:17  Drone x2  
  55  4:19  Queen  
  55  4:23  Overseer  
  57  4:27  Drone x2  
  57  4:31  Spire  
  58  4:35  Zergling x4  
  58  4:38  Overlord  
  60  4:44  Queen  
  62  4:48  Drone x2  
  62  4:49  Drone  
  65  4:53  Drone x3  
  65  4:56  Spore Crawler  
  65  4:58  Drone  
  68  5:01  Spore Crawler  
  68  5:03  Drone x2  
  69  5:08  Zergling x6  
  72  5:14  Drone  
  72  5:20  Overlord  
  73  5:24  Drone  
  73  5:25  Drone x4  
  78  5:30  Drone x4, Extractor  
  78  5:31  Extractor  
  78  5:32  Overlord  
  80  5:43  Mutalisk x5  
  89  5:50  Baneling x2  
  89  5:51  Mutalisk x2  
  89  5:55  Baneling x3  
  90  5:57  Zergling x6  
  90  6:04  Zergling x10  
  90  6:09  Mutalisk  
  82  6:13  Zergling x6  
  82  6:16  Mutalisk  
  84  6:21  Drone x3  
  84  6:22  Drone  
  84  6:24  Drone  
  87  6:30  Mutalisk  
  90  6:40  Drone x3  
  90  6:44  Mutalisk  
  94  6:47  Overlord  
  94  6:48  Overseer  
  94  6:52  Drone  
  94  6:53  Drone  
  96  6:56  Zerg Flyer Weapons Level 1  
  96  6:59  Drone  
  97  7:02  Overlord  
  97  7:04  Overlord  
  97  7:06  Drone x3  
  97  7:07  Mutalisk  
  102  7:17  Mutalisk  
  102  7:19  Drone  
  102  7:20  Overlord  
  105  7:25  Mutalisk x2  
  105  7:27  Drone  
  105  7:28  Drone x2  
  112  7:35  Centrifical Hooks, Hatchery  
  112  7:37  Drone x2  
  112  7:41  Mutalisk  
  112  7:43  Drone x2  
  112  7:44  Drone  
  118  7:46  Mutalisk  
  120  7:53  Overlord  
  120  7:54  Mutalisk  
  120  7:57  Overlord  
  121  8:10  Mutalisk x2  
  110  8:14  Drone x4, Overlord  
  110  8:16  Mutalisk  
  111  8:23  Mutalisk  
  111  8:26  Drone x7  
  117  8:30  Drone x3  
  117  8:31  Drone  
  117  8:32  Evolution Chamber  
  117  8:33  Evolution Chamber  
  119  8:38  Mutalisk x2  
  123  8:44  Mutalisk  
  123  8:46  Drone x3  
  128  8:48  Queen  
  128  8:49  Mutalisk  
  128  8:50  Unknown  
  128  8:51  Hatchery  
  128  8:54  Mutalisk  
  132  8:56  Zergling x10  
  132  8:59  Zerg Melee Weapons Level 1  
  132  9:00  Drone x2  
  139  9:03  Overlord x2  
  139  9:07  Zergling x6  
  139  9:11  Drone  
  139  9:14  Drone  
  139  9:15  Drone  
  137  9:17  Drone  
  137  9:18  Drone  
  137  9:19  Mutalisk x3  
  137  9:22  Drone x3  
  137  9:24  Drone  
  146  9:28  Zergling x2  
  146  9:31  Drone x2  
  149  9:32  Zerg Ground Armor Level 1  
  149  9:35  Zergling x8  
  149  9:37  Baneling x6  
  153  9:43  Drone x3  
  156  9:46  Overlord  
  156  9:47  Drone x2  
  156  9:48  Drone  
  156  9:51  Mutalisk x2  
  163  9:54  Zergling x8  
  163  9:55  Pneumatized Carapace  
  167  10:00  Baneling x6  
  167  10:03  Overlord  
  167  10:08  Zergling x12  
  167  10:09  Baneling  
  167  10:10  Baneling x9, Zergling x2  
  167  10:12  Drone  
  167  10:13  Drone  
  176  10:15  Zergling x4  
  176  10:17  Zergling x6  
  181  10:24  Overlord  
  181  10:26  Zergling x10  
  186  10:28  Zergling x2  
  171  10:38  Mutalisk x2  
  171  10:39  Mutalisk x2  
  154  10:43  Zergling x6  
  154  10:46  Zergling x6  
  154  10:49  Zergling x10  
  161  10:52  Drone x4  
  161  10:54  Baneling x12  
  161  10:56  Queen, Zergling x4  
  169  10:58  Extractor  
  169  10:59  Extractor  
  169  11:02  Mutalisk x2  
  173  11:04  Zergling x4  
  173  11:05  Baneling x2  
  173  11:06  Baneling x2  
  173  11:08  Zergling x4  
  173  11:10  Drone  
  176  11:12  Baneling x4, Hatchery  
  176  11:13  Zergling x8  
  179  11:20  Baneling x4  
  179  11:21  Baneling x4  
  179  11:22  Overlord  
  179  11:24  Zergling x18  
Show
View Real Time Build Order
Export as new Build Order

maru Terran 

Build Orders: Hellion Opening, Reaper Expand 

Get SALT Encoding   

  12  0:00  SCV  
  13  0:13  SCV  
  14  0:17  Supply Depot  
  14  0:25  SCV  
  15  0:38  SCV  
  15  0:40  Barracks  
  16  0:43  Refinery  
  16  0:51  SCV  
  17  1:03  SCV  
  18  1:15  SCV  
  19  1:27  Orbital Command, Reaper  
  20  1:39  Command Center  
  20  1:51  Supply Depot  
  20  1:53  SCV  
  21  1:58  Marine  
  22  2:05  SCV  
  23  2:09  Factory  
  23  2:17  SCV  
  23  2:19  Refinery  
  23  2:20  Barracks Reactor  
  24  2:29  SCV  
  25  2:41  SCV  
  26  2:52  Orbital Command  
  26  2:53  SCV  
  26  2:56  Starport  
  27  3:03  Hellion x2  
  31  3:06  SCV  
  32  3:19  SCV x2  
  34  3:24  Hellion x2  
  38  3:31  SCV  
  38  3:32  Supply Depot, SCV  
  40  3:37  Fusion Core  
  40  3:38  Starport Tech Lab  
  40  3:44  SCV x2  
  40  3:46  Hellion x2  
  46  3:53  Marine  
  47  3:56  SCV  
  47  3:57  Supply Depot, SCV  
  49  4:09  SCV x2  
  51  4:16  Supply Depot  
  51  4:24  Hellion x2  
  57  4:25  Battlecruiser  
  57  4:29  Supply Depot  
  57  4:30  SCV  
  62  4:38  SCV  
  63  4:42  SCV  
  64  4:50  Command Center, SCV  
  65  4:54  Armory, SCV  
  66  5:00  Hellion  
  66  5:01  Hellion  
  66  5:02  SCV  
  66  5:05  Supply Depot  
  66  5:06  SCV  
  72  5:14  SCV  
  72  5:18  SCV  
  72  5:19  Refinery  
  72  5:20  Engineering Bay  
  72  5:21  Refinery  
  74  5:26  Hellion, SCV  
  77  5:30  SCV  
  78  5:38  SCV  
  80  5:42  Factory x2, SCV  
  80  5:46  Hellion  
  82  5:50  SCV  
  82  5:54  SCV  
  84  6:03  SCV, Battlecruiser  
  91  6:07  SCV  
  92  6:12  Hellion x2  
  92  6:15  SCV  
  80  6:23  Missile Turret  
  80  6:25  Missile Turret  
  80  6:30  Factory Tech Lab, Weapon Refit  
  80  6:31  Factory Tech Lab  
  80  6:32  Orbital Command  
  76  6:34  Hellion x2  
  76  6:39  Missile Turret  
  74  6:41  Missile Turret  
  74  6:49  Cyclone x2  
  74  6:54  SCV x2  
  82  6:55  Terran Vehicle Weapons Level 1  
  82  7:04  Supply Depot x2  
  82  7:05  Supply Depot  
  82  7:19  Supply Depot  
  82  7:20  Supply Depot, Orbital Command  
  82  7:22  Supply Depot  
  82  7:26  SCV  
  82  7:27  Cyclone, Hellion x2  
  82  7:29  SCV  
  91  7:32  Cyclone  
  94  7:38  SCV  
  94  7:40  Battlecruiser  
  94  7:41  SCV  
  94  7:44  Refinery  
  102  7:47  Refinery, Missile Turret  
  102  7:48  SCV, Missile Turret  
  102  7:50  SCV  
  102  7:53  SCV  
  103  8:00  SCV  
  103  8:02  SCV  
  100  8:05  SCV  
  100  8:11  Cyclone x2  
  100  8:12  Hellion, SCV  
  104  8:14  SCV  
  104  8:17  SCV  
  103  8:24  SCV  
  103  8:26  SCV  
  104  8:30  SCV  
  105  8:36  SCV  
  105  8:38  SCV  
  105  8:41  Supply Depot  
  101  8:42  SCV  
  101  8:43  Thor x2  
  114  8:48  SCV  
  114  8:49  Supply Depot  
  114  8:50  Supply Depot, SCV  
  114  8:54  SCV, Hellion  
  117  9:00  Command Center  
  117  9:01  Missile Turret  
  117  9:03  Missile Turret  
  117  9:04  Terran Vehicle Weapons Level 2  
  117  9:06  SCV x3, Hellion  
  122  9:18  SCV x2  
  122  9:24  Widow Mine, Missile Turret  
  118  9:26  Thor  
  118  9:27  Missile Turret  
  124  9:32  Supply Depot x2  
  124  9:39  Supply Depot  
  124  9:40  Supply Depot, Widow Mine  
  125  9:54  Thor, Battlecruiser  
  125  9:55  Factory  
  125  9:57  Supply Depot  
  125  9:58  Supply Depot, Factory  
  137  10:01  Armory  
  137  10:10  Siege Tank  
  137  10:12  Factory  
  140  10:17  Infernal Pre-Igniter  
  140  10:19  Hellion x2  
  144  10:23  SCV x3  
  144  10:25  Supply Depot, Missile Turret  
  144  10:27  Supply Depot  
  147  10:35  SCV x2  
  134  10:38  SCV  
  134  10:40  Thor  
  110  10:47  SCV x2  
  110  10:49  SCV  
  99  10:50  SCV  
  100  10:59  SCV x2  
  100  11:01  Siege Tank, SCV  
  100  11:02  SCV, Factory Reactor  
  100  11:03  Factory Tech Lab  
  107  11:08  Refinery  
  111  11:11  Hellion x2, SCV  
  111  11:12  SCV  
  111  11:14  SCV  
  114  11:23  SCV  
  114  11:24  SCV  
  122  11:26  SCV  
  122  11:29  Missile Turret x2  
  125  11:36  SCV  
  125  11:38  SCV  
Tags
 
Add a new tag
Caveats
  • Supply blocks, unpowered buildings, or Contaminate may cause inaccurate times.
  • Supply counts are checked every 10 seconds.